 Dungeon Crawl Stone Soup version 0.30-a0-808-g6e0788376e (webtiles) character file.

Game seed: 10263496106231938535

47 Aneyh the Trooper (level 3, 0/24 HPs)
             Began as a Tengu Monk on Feb 27, 2023.
             Slain by Natasha (2 damage)
             ... on level 2 of the Dungeon.
             The game lasted 00:01:46 (766 turns).

Aneyh the Trooper (Tengu Monk)                       Turns: 766, Time: 00:01:46

Health: 0/24       AC:  2    Str: 13    XL:     3   Next: 70%
Magic:  4/4        EV: 13    Int: 10    God:
Gold:   53         SH:  0    Dex: 16    Spells: 2/2 levels left

rFire   . . .      SeeInvis .    m - +0 short sword (venom)
rCold   . . .      Faith    .    (no shield)
rNeg    . . .      Spirit   .    g - +0 robe
rPois   .          Reflect  .    (helmet restricted)
rElec   .          Harm     .    (no cloak)
rCorr   .          Rampage  .    (no gloves)
Will    .....                    (boots unavailable)
Stlth   ++                       (no amulet)
HPRegen 0.24/turn                (no ring)
MPRegen 0.09/turn                (no ring)

@: slowed, very slow
A: beak, talons 3
a: no special abilities


You were on level 2 of the Dungeon.
You visited 1 branch of the dungeon, and saw 2 of its levels.

You collected 53 gold pieces.

Inventory:

Hand Weapons
 a - a +0 spear
 b - a +0 sling
 m - a +0 short sword of venom (weapon)
Missiles
 l - 6 javelins
Armour
 g - a +0 robe (worn)
Scrolls
 e - 2 scrolls of teleportation {unknown}
 f - a scroll of enchant armour {unknown}
 j - a scroll of identify {unknown}
Potions
 d - 2 potions of curing {unknown}
 h - a potion of berserk rage {unknown}
 i - 2 potions of resistance {unknown}
 k - a potion of mutation {unknown}


   Skills:
 + Level 4.5 Fighting
 - Level 3.2 Polearms
 - Level 3.2 Dodging
 - Level 2.0 Stealth


You had 2 spell levels left.
You didn't know any spells.
Your spell library was empty.

Dungeon Overview and Level Annotations

Branches:
Dungeon (2/15)

Altars:

Shops:
D:1 [

Annotations:
D:2 Natasha


Innate Abilities, Weirdness & Mutations

You have a beak for a mouth.
You have claws for feet.


Message History

The jackal bites you but does no damage.
You hit the jackal but do no damage.
The jackal bites you but does no damage.
Natasha casts a spell at you.
You feel yourself slow down.
You hit the jackal. You claw the jackal.
The jackal is severely wounded.
The jackal bites you.
The crimson imp blinks!
Natasha claws you. The jackal completely misses you.
Natasha casts a spell.
You barely miss the jackal. You claw the jackal.
You kill the jackal!
Natasha barely misses you. Natasha attacks as you move away!
Natasha completely misses you.
The crimson imp blinks!
The frilled lizard bites you.
You hit the frilled lizard.
You kill the frilled lizard!
Natasha casts a spell.
The crimson imp blinks!
Reach: a) +0 spear
Press: ? - help, Dir - move target, f - Natasha
Aim: Natasha (moderately wounded, about 41% to evade your +0 spear)
You reach to attack!
You hit Natasha.
Natasha is moderately wounded.
The crimson imp blinks!
Natasha barely misses you.
You hit Natasha. Your kick misses Natasha.
Natasha is heavily wounded.
A quokka comes into view.
The crimson imp blinks!
Natasha mewls in sadness.
Natasha stares at you and mumbles some strange words.
The magic dart hits you.
Your +0 short sword of venom begins to drip with poison!
m - a +0 short sword of venom (weapon)
Natasha claws you.
* * * LOW HITPOINT WARNING * * *
You hit Natasha but do no damage.
Natasha is poisoned.
You peck Natasha.
Natasha is heavily wounded.
Natasha claws you.
You die...

####.# #.†..# #.#### ##.#
#..############## .
##..............### ##...
##############...##......
#####r>†...$..
#..@h5...?....
#.######.#..## .. <# ##
#.# . #. .# . #


You could see Natasha (very poisoned), a crimson imp (summoned) and a quokka.

Vanquished Creatures
  2 dart slugs
  3 endoplasms (D:1)
  A goblin (D:1)
  4 hobgoblins
  7 jackals
  2 quokkas (D:1)
  4 ball pythons (D:1)
  5 bats (D:1)
  2 frilled lizards
  4 kobolds (D:1)
  6 rats (D:1)
40 creatures vanquished.

Notes
Turn   | Place    | Note
-------+----------+-------------------------------------------
     0 | D:1      | Aneyh the Tengu Monk began the quest for the Orb.
     0 | D:1      | Reached XP level 1. HP: 14/14 MP: 2/2
    87 | D:1      | Reached XP level 2. HP: 19/19 MP: 3/3
   262 | D:1      | Reached skill level 4 in Fighting
   304 | D:1      | Found Gallug's Antique Armour Boutique.
   354 | D:1      | Reached XP level 3. HP: 22/24 MP: 4/4
   700 | D:1      | You fall into a shaft and drop 1 floor!
   748 | D:2      | Noticed Natasha
   766 | D:2      | Slain by Natasha

Illustrated notes

Levels and vault maps discovered:
D:1:      sevenhm_arrival_forest_fort_small_4, layout_loops_cross, serial_shops,
          nicolae_shop_waterfront
D:2:      layout_rooms, uniq_natasha

Skill      XL: |  1  2 |
---------------+-------+-----
Fighting       | 4 |  4.5
Polearms       | |  3.2
Dodging        | |  3.2
Stealth        | |  2.0

Action                     || total
---------------------------++-------
  Melee: Spear             ||    97
         Kick              ||    15
         Peck              ||    10
         Short sword       ||     1
   Fire: Sling             ||     3
    Use: Potion            ||     1
   Stab: Sleeping          ||     4
 Armour: Robe              ||    11
  Dodge: Dodged            ||    54

Table legend: (Time is in decaauts)
 A = Elapsed time spent in this place.
 B = Non-inter-level travel time spent in this place.
 C = Inter-level travel time spent in this place.
 D = Time resting spent in this place.
 E = Time spent auto-exploring this place.
 F = Levels seen in this place.
 G = Mean time per level.
                   A        B        C        D        E       F      G
               +--------+--------+--------+--------+--------+-----+--------+
         Total |    766 |    745 |     21 |     39 |    488 |   2 |  383.0 |
       Dungeon |    766 |    745 |     21 |     39 |    488 |   2 |  383.0 |
               +--------+--------+--------+--------+--------+-----+--------+

Top non-repeatable levels by time:
     D:1: 699 daAuts
     D:2: 66 daAuts
